 Dungeon Crawl Stone Soup version 0.23.2-33-g5129a83184 (webtiles) character file.

Game seed: 17977420919660308233

342406 Exodus22XD the Executioner (level 21, -4/206 HPs)
             Began as a Minotaur Berserker on July 2, 2019.
             Was the Champion of Trog.
             Succumbed to a ghostly deep elf blademaster's poison
             ... on level 3 of the Elven Halls.
             The game lasted 03:11:17 (37340 turns).

Exodus22XD the Executioner (Minotaur Berserker)    Turns: 37340, Time: 03:11:17

Health: -4/206     AC: 27    Str: 32    XL:     21   Next: 11%
Magic:  23/23      EV: 13    Int:  4    God:    Trog [******]
Gold:   1485       SH: 23    Dex: 14    Spells: 24/24 levels left

rFire    . . .     SeeInvis .   N - +1 broad axe (elec)
rCold    . . .     Gourm    .   Q - +2 large shield
rNeg     . . .     Faith    .   F - +3 chain mail {MR+}
rPois    .         Spirit   .   h - +2 hat of the Lich-sworn {+Fly Regen+}
rElec    +         Reflect  +   Z - scarf {repulsion}
rCorr    .         Harm     .   Y - +2 pair of gloves
MR       +++++                  a - +2 pair of boots "Dugu" {Dex+2 Stlth+}
Stlth    ..........             e - +3 amulet of reflection
HPRegen  1.84/turn              P - +4 ring of strength
MPRegen  0.18/turn              I - ring of Tinlass {rElec MR+ Str-2}

@: lethally poisoned (-4 -> -57), berserk cooldown, regenerating, slowed,
lightly drained, repel missiles, very slow
A: retaliatory headbutt, horns 2
}: 2/15 runes: decaying, gossamer
a: Berserk, Trog's Hand, Brothers in Arms, Renounce Religion, Evoke Flight


You were on level 3 of the Elven Halls.
You worshipped Trog.
Trog was exalted by your worship.
You were very hungry.

You visited 6 branches of the dungeon, and saw 34 of its levels.
You also visited: Bailey and Gauntlet.

You collected 3351 gold pieces.
You spent 1866 gold pieces at shops.

Inventory:

Hand Weapons
 f - a +2 antimagic executioner's axe
 k - a +1 battleaxe of chopping
 A - the +1 hand axe of Revolt {antimagic, *Rage rPois rC+++ Dex+6}
   (You found it on level 8 of the Dungeon)

   It reduces the magical energy of the wielder, and disrupts the spells and
   magical abilities of those hit.
   Natural abilities and divine invocations are not affected.
   It affects your dexterity (+6).
   It renders you almost immune to cold.
   It protects you from poison.
   It may make you go berserk in combat.
 D - the +8 halberd of Slime {venom, rPois Str+3}
   (You found it on level 8 of the Dungeon)

   It poisons the flesh of those it strikes.
   It affects your strength (+3).
   It protects you from poison.
 E - the +3 morningstar of Extermination {crush, rC+}
   (You found it on level 8 of the Dungeon)

   It inflicts extra damage upon your enemies.
   It protects you from cold.
 N - a +1 broad axe of electrocution (weapon)
 X - the +1 arbalest "Kosopugi" {velocity, +Inv rN+ Dex+3}
   (Trog gifted it to you on level 2 of the Orcish Mines)

   Any bolt fired from it inflicts extra damage.
   It affects your dexterity (+3).
   It protects you from negative energy.
   It lets you turn invisible.
Armour
 a - the +2 pair of boots "Dugu" (worn) {Dex+2 Stlth+}
   (You found it in a Gauntlet)

   It affects your dexterity (+2).
   It makes you more stealthy.
 d - +0 fire dragon scales
 h - the +2 hat of the Lich-sworn (worn) {+Fly Regen+}
   (You found it in a Gauntlet)

   It lets you fly.
   It increases your rate of regeneration.
 F - a +3 chain mail of magic resistance (worn)
 Q - a +2 large shield (worn)
 Y - a +2 pair of gloves (worn)
 Z - a scarf of repulsion (worn)
Jewellery
 e - a +3 amulet of reflection (around neck)
 x - an uncursed ring of poison resistance
 B - an uncursed ring of resist corrosion
 I - the ring of Tinlass (right hand) {rElec MR+ Str-2}
   (You found it on level 9 of the Dungeon)

   [ring of strength]

   It affects your strength (-2).
   It insulates you from electricity.
   It affects your resistance to hostile enchantments.
 M - an uncursed amulet of guardian spirit
 P - a +4 ring of strength (left hand)
 U - a +3 ring of evasion
 V - an uncursed ring of see invisible
Wands
 C - a wand of digging (16)
Scrolls
 b - 8 scrolls of immolation
 j - 6 scrolls of fog
 l - 16 scrolls of teleportation
 m - 14 scrolls of remove curse
 o - 4 scrolls of blinking
 s - a scroll of fear
 t - 2 scrolls of vulnerability
 v - 6 scrolls of enchant weapon
 w - a scroll of summoning
 y - 3 scrolls of holy word
 H - a scroll of brand weapon
 K - a scroll of silence {unknown}
 W - 4 scrolls of enchant armour {unknown}
Potions
 g - 6 potions of invisibility
 i - 6 potions of might
 n - 8 potions of flight
 p - 11 potions of curing
 q - 6 potions of agility
 r - 4 potions of mutation
 u - 3 potions of resistance
 z - 9 potions of haste
 G - 5 potions of degeneration {unknown}
 L - a potion of magic {unknown}
 O - 7 potions of ambrosia
 R - 2 potions of cancellation
 S - 8 potions of heal wounds
Comestibles
 c - 59 rations
 T - 5 chunks of flesh


   Skills:
 * Level 21.9(21.2) Fighting
 * Level 23.5(22.9) Axes
 - Level 1.0(15.6) Maces & Flails
 - Level 3.0(15.8) Polearms
 * Level 18.6(17.9) Armour
 * Level 12.2(11.6) Dodging
 - Level 1.3(0.9) Stealth
 - Level 7.6(7.1) Shields
 - Level 2.1(1.7) Spellcasting


You had 24 spell levels left.
You didn't know any spells.
Your spell library was empty.

Dungeon Overview and Level Annotations

Branches:
Dungeon (15/15)            Temple (0/1) D:5            Lair (6/6) D:10
  Swamp (4/4) Lair:2       Spider (4/4) Lair:2        Slime (0/5) Lair:6
    Orc (2/2) D:9             Elf (3/3) Orc:2        Vaults (0/5) D:14
 Depths (0/5) D:15

Altars:
Ashenzari
Cheibriados
Dithmenos
Elyvilon
Fedhas
Gozag
Hepliaklqana
Makhleb
Nemelex Xobeh
Qazlal
Ru
Uskayaw
Zin

Shops:
D:5 !   D:9 !   D:11 (   D:15 ?   Orc:2 !!:[

Portals:
Pandemonium: Orc:2

Annotations:
D:5 1 runed translucent door, PeSeC's ghost, novice MiFi
D:13 2 transporters, 4FPSwarrior's ghost, journeyman TrFi


Innate Abilities, Weirdness & Mutations

You reflexively headbutt those who attack you in melee.
You have a pair of horns on your head.


Message History

* * * LOW HITPOINT WARNING * * *
You feel very sick.
You block the ghostly deep elf death mage's attack.
You are too berserk!
Unknown command.
* * * LOW HITPOINT WARNING * * *
You feel very sick. You block the earth elemental's attack.
You feel a strong urge to attack something.
* * * LOW HITPOINT WARNING * * *
You feel very sick.
The deep elf elementalist gestures at you while chanting.
Some walls begin to move on their own!
You block the ghostly deep elf death mage's attack.
You hear a loud, deep croak!
You hear a shout!
Unknown command.
You are no longer berserk.
You are exhausted.
You feel yourself slow down.
You die...

##e## ##.e$##
##.....## #...ee..#
##1eee.## ##e..####
##e##..#######
#####..ee.E.).....
..##.......e.@E......
.......E.............
.###.................
######...##.......
####............
#......###......
#...............
#...#######.....
#####...#####


You could see a deep elf master archer, 2 ghostly deep elf death magi, a deep
elf sorcerer, a deep elf elementalist and 3 earth elementals.

Vanquished Creatures
  Nikola (Spider:4)
  Arachne (Spider:4)
  Jorgrun (Elf:2)
  Asterion (Spider:2)
  A deep elf blademaster (Elf:3)
  Gastronok (Lair:3)
  3 thorn hunters
  5 ghost moths (Spider:4)
  A deep elf sorcerer (Elf:1)
  Louise (Spider:4)
  2 emperor scorpions
  An orc warlord (Bailey)
  A stone giant (Orc:2)
  2 entropy weavers (Spider:1)
  A deep elf demonologist (Elf:3)
  A deep elf annihilator (Elf:2)
  A dire elephant (Lair:6)
  A minotaur (Gauntlet)
  7 spark wasps
  An ettin (D:15)
  2 deep elf death magi
  A fire dragon (D:10)
  2 ogre magi
  Erolcha (Orc:1)
  3 vault guards (D:14)
  Harold (Lair:1)
  24 hydras
  3 shambling mangroves
  2 catoblepae
  An anaconda (Lair:3)
  2 ghost crabs
  3 centaur warriors
  8 two-headed ogres
  6 alligators
  21 dancing weapons (Elf:2)
  A deep troll shaman (Lair:6)
  A thrashing horror (Gauntlet)
  2 spriggan berserkers (Swamp:4)
  Urug (Orc:2)
  8 death yaks
  5 orc high priests
  12 deep elf knights (Elf:2)
  Sonja (Orc:2)
  A torturous demonspawn (Orc:2)
  A sixfirhy (Orc:2)
  3 unseen horrors
  2 wizards
  3 deep elf archers (Elf:2)
  2 infernal demonspawn (Orc:2)
  5 swamp dragons
  7 orc knights
  4 oklob plants (Lair:6)
  2 necromancers (D:14)
  26 ugly things
  23 deep elf magi
  17 orb spiders
  11 orc sorcerers
  31 wolf spiders
  A cyclops (D:13)
  A moth of wrath (Spider:3)
  17 elephants
  A rust devil (Orc:2)
  3 black mambas
  A molten gargoyle (D:9)
  23 spiny frogs
  2 torpor snails
  3 gargoyles
  A komodo dragon (shapeshifter) (D:14)
  A rime drake (Lair:6)
  4 kobold demonologists
  2 yaktaurs (D:14)
  An efreet (D:15)
  4 komodo dragons
  13 demonic crawlers
  2 hellwings (Orc:2)
  A tengu conjurer (D:15)
  A freezing wraith (D:15)
  7 trolls
  6 tyrant leeches
  2 polar bears (Lair:6)
  A polar bear (shapeshifter) (D:13)
  34 jumping spiders
  21 slime creatures
  21 hornets
  22 blink frogs
  7 dream sheep (Lair:6)
  16 bog bodies
  A centaur simulacrum (D:14)
  7 hippogriffs
  Sigmund (D:3)
  A tarantella (shapeshifter) (D:10)
  66 redbacks
  3 shadows
  43 yaks
  2 water elementals
  A spriggan (shapeshifter) (D:14)
  7 spriggans
  3 wyverns
  22 tarantellas
  Eustachio (D:6)
  17 humans (D:14)
  A wraith (D:15)
  A fire elemental (Elf:1)
  4 basilisks
  18 vampire mosquitoes
  3 wargs
  13 insubstantial wisps
  15 swamp worms
  An acid dragon (D:12)
  2 soldier ants (D:8)
  17 water moccasins
  9 porcupines
  52 orc warriors
  An ice beast (shapeshifter) (Elf:2)
  3 sky beasts
  A black bear (D:8)
  7 ogres
  3 phantoms
  18 swamp drakes
  9 centaurs
  A necrophage (D:8)
  5 ice beasts
  42 wolves
  12 crocodiles
  Blork the orc (D:6)
  6 big kobolds
  15 bullfrogs
  A gnoll sergeant (D:9)
  A wyvern zombie (D:10)
  An earth elemental (Elf:2)
  4 small abominations (Gauntlet)
  2 hornet simulacra (Gauntlet)
  A water moccasin skeleton (D:5)
  4 scorpions
  6 killer bees
  5 wights (D:14)
  7 howler monkeys
  A vampire bat (D:15)
  11 crimson imps
  A quasit (D:8)
  A bullfrog zombie (D:6)
  3 jellies
  2 gnoll shamans (D:7)
  10 hounds
  18 orc wizards
  5 bullfrog skeletons
  25 orc priests
  8 centaur skeletons
  3 iguanas
  3 hell rats
  9 worker ants
  A killer bee zombie (D:10)
  A bullfrog simulacrum (Gauntlet)
  A hound skeleton (D:8)
  25 gnolls
  13 adders
  12 river rats
  4 shadow imps
  13 white imps
  An adder zombie (D:8)
  2 adder skeletons (D:6)
  2 worms
  3 dart slugs (D:2)
  4 leopard geckos
  110 orcs
  7 giant cockroaches
  31 goblins
  20 hobgoblins
  17 jackals
  17 kobolds
  5 quokkas
  13 bats
  4 frilled lizards
  A giant cockroach zombie (D:3)
  9 rats
  6 briar patches
  A bush (Lair:6)
  4 fungi
  4 plants
1400 creatures vanquished.

Vanquished Creatures (others)
  2 hydras (Swamp:4)
  A dancing weapon (Elf:2)
  A hornet (Spider:4)
  14 demonic plants (Gauntlet)
  4 fungi
  3 plants (Lair:6)
25 creatures vanquished.

Grand Total: 1425 creatures vanquished

Notes
Turn   | Place    | Note
-------+----------+-------------------------------------------
     0 | D:1      | Exodus22XD the Minotaur Berserker began the quest for the
                  | Orb.
     0 | D:1      | Reached XP level 1. HP: 19/19 MP: 0/0
   584 | D:1      | You fall through a shaft!
   606 | D:2      | Reached skill level 4 in Axes
   606 | D:2      | Reached XP level 2. HP: 26/27 MP: 1/1
   728 | D:2      | Reached skill level 5 in Axes
   728 | D:2      | Reached XP level 3. HP: 19/33 MP: 2/2
  1412 | D:2      | Found a burning altar of Makhleb.
  1417 | D:2      | Found a sacrificial altar of Ru.
  1650 | D:1      | Reached ** piety under Trog
  1807 | D:1      | Reached XP level 4. HP: 34/40 MP: 3/3
  2171 | D:3      | Found a shattered altar of Ashenzari.
  2439 | D:3      | Found a snail-covered altar of Cheibriados.
  2440 | D:3      | Noticed Sigmund
  2455 | D:3      | Killed Sigmund
  2455 | D:3      | Reached skill level 6 in Axes
  2455 | D:3      | Reached XP level 5. HP: 47/47 MP: 4/4
  2455 | D:3      | Reached XP level 6. HP: 53/53 MP: 5/5
  2702 | D:3      | Found an opulent altar of Gozag.
  2702 | D:3      | Found a glowing silver altar of Zin.
  3145 | D:4      | Found a stormy altar of Qazlal.
  3202 | D:4      | Reached skill level 7 in Axes
  3514 | D:4      | Found a shadowy altar of Dithmenos.
  3545 | D:4      | Noticed an ice beast
  3549 | D:4      | Killed an ice beast
  3549 | D:4      | Reached skill level 5 in Armour
  3562 | D:4      | Reached XP level 7. HP: 31/60 MP: 6/6
  3883 | D:5      | Entered Level 5 of the Dungeon
  3922 | D:5      | Reached skill level 8 in Axes
  4025 | D:5      | Found a runed translucent door.
  4060 | D:5      | Noticed PeSeC's ghost (novice MiFi)
  4086 | D:5      | Found a staircase to the Ecumenical Temple.
  4306 | D:5      | Got a jewelled mace
  4322 | D:5      | Found Omocs's Distillery.
  4326 | D:5      | Identified the +6 mace "Xifeimm" {antimagic, Str+4 Stlth-}
                  | (You found it on level 5 of the Dungeon)
  4429 | D:5      | Found a sparkling altar of Nemelex Xobeh.
  4545 | D:6      | Found a white marble altar of Elyvilon.
  4574 | D:6      | Noticed Eustachio
  4589 | D:6      | Killed Eustachio
  4589 | D:6      | Reached skill level 5 in Fighting
  4589 | D:6      | Reached skill level 9 in Axes
  4589 | D:6      | Reached skill level 1 in Maces & Flails
  4605 | D:6      | Reached XP level 8. HP: 56/68 MP: 2/7
  4717 | D:6      | Reached *** piety under Trog
  4726 | D:6      | Noticed Blork the orc
  4735 | D:6      | Killed Blork the orc
  5345 | D:7      | Reached skill level 10 in Axes
  5866 | D:7      | Reached XP level 9. HP: 79/79 MP: 2/8
  6237 | D:8      | Reached **** piety under Trog
  6347 | D:8      | Found a blossoming altar of Fedhas.
  6398 | D:8      | Got a crude short sword
  6399 | D:8      | Identified the +12 short sword "Heudempi" {venom, Fragile
                  | +Rage rF- Str+6} (You found it on level 8 of the Dungeon)
  6485 | D:8      | Reached skill level 11 in Axes
  6844 | D:8      | Noticed a gargoyle
  6846 | D:8      | Noticed a troll
  6846 | D:8      | Noticed a red ugly thing
  6851 | D:8      | Killed a gargoyle
  6858 | D:8      | Killed a troll
  6858 | D:8      | Killed a red ugly thing
  6858 | D:8      | Reached XP level 10. HP: 39/90 MP: 9/9
  7056 | D:8      | Identified Uhiorof's Reference Book on the Flying Traveller
  7065 | D:8      | Got a dazzling hand axe
  7068 | D:8      | Got a slimy morningstar
  7070 | D:8      | Identified the Grimoire of Mutualism
  7085 | D:8      | Identified the cursed +1 hand axe of Revolt {antimagic,
                  | *Rage rPois rC+++ Dex+6} (You found it on level 8 of the
                  | Dungeon)
  7088 | D:8      | Identified the +3 morningstar of Extermination {crush, rC+}
                  | (You found it on level 8 of the Dungeon)
  7094 | D:8      | Got an encrusted halberd
  7095 | D:8      | Identified the +8 halberd of Slime {venom, rPois Str+3}
                  | (You found it on level 8 of the Dungeon)
  7123 | D:8      | Found a hazy altar of Hepliaklqana.
  7186 | D:8      | Found a hide-covered altar of Uskayaw.
  7445 | D:8      | Reached skill level 12 in Axes
  7762 | D:9      | Got a shimmering steel ring
  7843 | D:9      | Reached ***** piety under Trog
  7959 | D:9      | Found Fesul's Distillery.
  7975 | D:9      | Reached skill level 1 in Polearms
  7977 | D:9      | Reached skill level 10 in Armour
  7979 | D:9      | Reached skill level 10 in Fighting
  7980 | D:9      | Received a gift from Trog
  7988 | D:9      | Reached skill level 13 in Axes
  7993 | D:9      | Found a staircase to the Orcish Mines.
  8202 | D:9      | Noticed a molten gargoyle
  8209 | D:9      | Killed a molten gargoyle
  8214 | D:9      | Identified the cursed ring of Tinlass {rElec MR+ Str-2}
                  | (You found it on level 9 of the Dungeon)
  8509 | D:10     | Entered Level 10 of the Dungeon
  8509 | D:10     | Noticed a death yak
  8510 | D:10     | Noticed a death yak
  8544 | D:10     | Reached XP level 11. HP: 88/99 MP: 10/10
  8570 | D:10     | Received a gift from Trog
  8883 | D:10     | Noticed a death yak
  8884 | D:10     | Found a staircase to the Lair.
  8889 | D:10     | Killed a death yak
  8890 | D:10     | Killed a death yak
  8890 | D:10     | Reached skill level 14 in Axes
  8898 | D:10     | Reached skill level 5 in Dodging
  8900 | D:10     | Killed a death yak
  9315 | D:10     | Noticed a fire dragon
  9316 | D:10     | Noticed an ogre mage
  9322 | D:10     | Killed a fire dragon
  9325 | D:10     | Killed an ogre mage
  9325 | D:10     | Reached skill level 15 in Axes
 10076 | D:11     | Found Takhlol's Weapon Shoppe.
 10430 | D:11     | Killed an unseen horror
 10430 | D:11     | Reached XP level 12. HP: 100/109 MP: 11/11
 10553 | D:11     | Got a steaming halberd
 10554 | D:11     | Identified the cursed +3 halberd "Pagredin" {chop, -Tele
                  | +Inv rF+ Dex+8} (You found it on level 11 of the Dungeon)
 11225 | Orc:1    | Entered Level 1 of the Orcish Mines
 11285 | Orc:1    | Noticed Erolcha
 11295 | Orc:1    | Killed Erolcha
 11342 | Orc:2    | Entered Level 2 of the Orcish Mines
 11709 | Orc:2    | Noticed a stone giant
 12036 | Lair:1   | Entered Level 1 of the Lair of Beasts
 12053 | Lair:1   | Reached skill level 16 in Axes
 12423 | Lair:1   | Noticed Harold
 12435 | Lair:1   | Killed Harold
 14003 | Lair:2   | Found a hole to the Spider Nest.
 14065 | Lair:2   | Received a gift from Trog
 14240 | Lair:2   | Found a staircase to the Swamp.
 14271 | Lair:2   | Reached XP level 13. HP: 110/122 MP: 12/12
 14494 | Lair:2   | Reached skill level 17 in Axes
 15122 | Lair:3   | Noticed Gastronok
 15132 | Lair:3   | Killed Gastronok
 15486 | Lair:3   | Got a transparent iron ring
 15488 | Lair:3   | Identified the ring "Obuxtol" {+Fly Str+3} (You found it on
                  | level 3 of the Lair of Beasts)
 16186 | Lair:4   | Found a gate leading to a gauntlet.
 16198 | Gauntlet | Entered a Gauntlet
 16198 | Gauntlet | Found a transporter.
 16198 | Gauntlet | Found a transporter.
 16203 | Gauntlet | Found a transporter.
 16218 | Gauntlet | Found a transporter.
 16232 | Gauntlet | Found a transporter.
 16245 | Gauntlet | Found a transporter.
 16335 | Gauntlet | Found a transporter.
 16349 | Gauntlet | Found a transporter.
 16370 | Gauntlet | Found a transporter.
 16378 | Gauntlet | Found a transporter.
 16380 | Gauntlet | Found a large runed translucent door.
 16380 | Gauntlet | Found a large runed translucent door.
 16381 | Gauntlet | Found a large runed translucent door.
 16381 | Gauntlet | Found a large runed translucent door.
 16382 | Gauntlet | Found a large runed translucent door.
 16382 | Gauntlet | Found a large runed translucent door.
 16382 | Gauntlet | Found a runed translucent door.
 16382 | Gauntlet | Found a runed translucent door.
 16382 | Gauntlet | Found a large runed translucent door.
 16383 | Gauntlet | Found a large runed translucent door.
 16390 | Gauntlet | Found a large runed translucent door.
 16390 | Gauntlet | Found a large runed translucent door.
 16391 | Gauntlet | Found a large runed translucent door.
 16391 | Gauntlet | Found a large runed translucent door.
 16392 | Gauntlet | Found a large runed translucent door.
 16392 | Gauntlet | Found a large runed translucent door.
 16393 | Gauntlet | Found a runed translucent gate.
 16393 | Gauntlet | Found a runed translucent gate.
 16393 | Gauntlet | Found a runed translucent gate.
 16395 | Gauntlet | Found a transporter.
 16462 | Gauntlet | Found a transporter.
 16472 | Gauntlet | Found a transporter.
 16478 | Gauntlet | Found a large runed translucent door.
 16479 | Gauntlet | Found a transporter.
 16480 | Gauntlet | Found a large runed translucent door.
 16484 | Gauntlet | Found a transporter.
 16509 | Gauntlet | Found a transporter.
 16620 | Gauntlet | Received a gift from Trog
 16636 | Gauntlet | Got a pair of transparent boots
 16647 | Gauntlet | Identified the +2 pair of boots "Dugu" {Dex+2 Stlth+} (You
                  | found it in a Gauntlet)
 16715 | Gauntlet | Got an ichor-stained hat
 16721 | Gauntlet | Identified the +2 hat of the Lich-sworn {+Fly Regen+} (You
                  | found it in a Gauntlet)
 16774 | Gauntlet | Noticed a minotaur
 16787 | Gauntlet | Killed a minotaur
 17409 | Lair:5   | Reached skill level 18 in Axes
 17631 | Lair:5   | You fall through a shaft!
 17631 | Lair:6   | Entered Level 6 of the Lair of Beasts
 17760 | Lair:6   | Reached XP level 14. HP: 121/132 MP: 13/13
 17781 | Lair:6   | Found a staircase to the Slime Pits.
 18006 | Lair:6   | Reached ****** piety under Trog
 18026 | Lair:6   | Received a gift from Trog
 18064 | Lair:6   | Reached skill level 19 in Axes
 18728 | Lair:6   | Reached skill level 15 in Fighting
 19935 | D:12     | Found a flagged portal.
 19941 | Bailey   | Entered a bailey
 20014 | Bailey   | Received a gift from Trog
 20160 | Bailey   | Noticed an orc warlord
 20175 | Bailey   | Killed an orc warlord
 20217 | Bailey   | Got a transparent halberd
 20218 | Bailey   | Identified the +8 halberd of Voerraro {drain, Int+2} (You
                  | found it in a bailey)
 20661 | D:13     | Reached skill level 20 in Axes
 20827 | D:13     | Received a gift from Trog
 21023 | D:13     | Reached XP level 15. HP: 124/141 MP: 12/14
 21285 | D:13     | Noticed 4FPSwarrior's ghost (journeyman TrFi)
 21286 | D:13     | Found a transporter.
 21288 | D:13     | Found a transporter.
 22420 | D:14     | Received a gift from Trog
 22486 | D:14     | Found a gate to the Vaults.
 22908 | D:15     | Entered Level 15 of the Dungeon
 23262 | D:15     | Found Doiprav's Magic Scroll Shoppe.
 23270 | D:15     | Bought a scroll of identify for 32 gold pieces
 23270 | D:15     | Bought a scroll of identify for 32 gold pieces
 23315 | D:15     | Received a gift from Trog
 23343 | D:15     | Reached skill level 21 in Axes
 23357 | D:15     | Received a gift from Trog
 23363 | D:15     | Found a staircase to the Depths.
 24298 | Orc:2    | Reached XP level 16. HP: 154/155 MP: 15/15
 24453 | Orc:2    | Found Elyerol's Distillery.
 24464 | Orc:2    | Found Agriocs's Distillery.
 24590 | Orc:2    | Received a gift from Trog
 24615 | Orc:2    | Reached skill level 15 in Armour
 24653 | Orc:2    | Got a shimmering arbalest {god gift}
 24832 | Orc:2    | Found Bahuoken's Book Boutique.
 24832 | Orc:2    | Found a one-way gate leading to the halls of Pandemonium.
 24832 | Orc:2    | Found Uryxaew's Antique Armour Shop.
 24885 | Orc:2    | Bought 2 potions of agility for 144 gold pieces
 24887 | Orc:2    | Bought a potion of heal wounds for 70 gold pieces
 24887 | Orc:2    | Bought 3 potions of agility for 168 gold pieces
 24887 | Orc:2    | Bought a potion of heal wounds for 70 gold pieces
 24889 | Orc:2    | Bought a potion of haste for 180 gold pieces
 24889 | Orc:2    | Bought a potion of heal wounds for 90 gold pieces
 24889 | Orc:2    | Bought a potion of resistance for 180 gold pieces
 24973 | Orc:2    | Found a staircase to the Elven Halls.
 25055 | Orc:2    | Noticed Sonja
 25073 | Orc:2    | Killed Sonja
 25426 | Orc:2    | Noticed Urug
 25435 | Orc:2    | Killed Urug
 25667 | D:14     | Identified the +1 arbalest "Kosopugi" {velocity, +Inv rN+
                  | Dex+3} (Trog gifted it to you on level 2 of the Orcish
                  | Mines)
 25899 | Spider:1 | Entered Level 1 of the Spider Nest
 25916 | Spider:1 | Reached skill level 1 in Stealth
 26658 | Spider:1 | Reached skill level 10 in Dodging
 26914 | Spider:1 | Received a gift from Trog
 27732 | Spider:2 | Noticed Asterion
 27742 | Spider:2 | Noticed an Executioner
 27742 | Spider:2 | Killed Asterion
 28531 | Spider:3 | Reached skill level 22 in Axes
 28700 | Spider:3 | Reached XP level 17. HP: 167/168 MP: 16/16
 28974 | Spider:3 | Received a gift from Trog
 29566 | Spider:4 | Entered Level 4 of the Spider Nest
 29693 | Spider:4 | Noticed Arachne
 29736 | Spider:4 | Killed Arachne
 29757 | Spider:4 | Received a gift from Trog
 29995 | Spider:4 | Noticed Louise
 30025 | Spider:4 | Killed Louise
 31016 | Spider:4 | Noticed Nikola
 31054 | Spider:4 | Killed Nikola
 31396 | Spider:4 | Got a gossamer rune of Zot
 31690 | Swamp:1  | Entered Level 1 of the Swamp
 32290 | Swamp:1  | Received a gift from Trog
 32761 | Swamp:2  | Reached XP level 18. HP: 149/179 MP: 17/17
 33002 | Swamp:2  | Identified the Handbook of Dislocated Transmutation
 33653 | Swamp:3  | Received a gift from Trog
 33785 | Swamp:3  | Paralysed by a hornet for 3 turns
 33926 | Swamp:3  | Found a hazy altar of Hepliaklqana.
 33942 | Swamp:3  | Reached skill level 23 in Axes
 34069 | Swamp:4  | Entered Level 4 of the Swamp
 34519 | Swamp:4  | Identified a scroll of acquirement
 34746 | Swamp:4  | Received a gift from Trog
 35153 | Swamp:4  | Got a decaying rune of Zot
 35689 | Orc:2    | Reached skill level 5 in Shields
 35689 | Orc:2    | Reached XP level 19. HP: 189/189 MP: 5/18
 35724 | Orc:2    | Bought a potion of experience for 900 gold pieces
 35725 | Orc:2    | Reached XP level 20. HP: 198/198 MP: 11/22
 35770 | Elf:1    | Entered Level 1 of the Elven Halls
 35813 | Elf:1    | You fall through a shaft!
 36124 | Elf:2    | Found a huge runed translucent gate.
 36125 | Elf:2    | Found a huge runed translucent gate.
 36126 | Elf:2    | Found a huge runed translucent gate.
 36126 | Elf:2    | Noticed Jorgrun
 36127 | Elf:2    | Found a huge runed translucent gate.
 36133 | Elf:2    | Found a huge runed translucent gate.
 36148 | Elf:2    | Killed Jorgrun
 36661 | Elf:2    | Received a gift from Trog
 36845 | Elf:2    | Reached XP level 21. HP: 190/206 MP: 21/23
 37220 | Elf:3    | Entered Level 3 of the Elven Halls
 37336 | Elf:3    | HP: 14/309 [poisoned by a ghostly deep elf blademaster]
 37338 | Elf:3    | HP: 5/309 [poisoned by a ghostly deep elf blademaster]
 37339 | Elf:3    | HP: 1/309 [poisoned by a ghostly deep elf blademaster]
 37340 | Elf:3    | Succumbed to a ghostly deep elf blademaster's poison

Skill      XL: |  1  2  3  4  5  6  7  8  9 10 11 12 13 14 15 16 17 18 19 20 |
---------------+-------------------------------------------------------------+-----
Axes           | 4 5 6 7 9 10 11 13 15 16 18 20 21 22 23 | 23.5
Fighting       | 4 5 7 9 10 11 13 14 15 17 19 20 21 | 21.9
Armour         | 4 5 6 7 9 10 11 12 13 14 16 17 18 | 18.6
Maces & Flails | 1 |  1.0
Dodging        | 3 4 5 6 7 8 9 10 11 12 | 12.2
Polearms       | 2 3 |  3.0
Stealth        | 1 |  1.3
Shields        | 5 7 |  7.6
Spellcasting   | 2 |  2.1

Action                   |  1- 3 |  4- 6 |  7- 9 | 10-12 | 13-15 | 16-18 | 19-21 || total
-------------------------+-------+-------+-------+-------+-------+-------+-------++-------
Melee: Hand axe          |    80 |    91 |    50 |    12 |       |       |       ||   233
       Headbutt          |     8 |    16 |    34 |    97 |   253 |   359 |    72 ||   839
       Mace              |       |       |   168 |       |       |       |       ||   168
       Battleaxe         |       |       |    12 |   423 |  1003 |  1186 |       ||  2624
       Halberd           |       |       |       |    96 |    12 |       |       ||   108
       Morningstar       |       |       |       |       |    30 |   222 |       ||   252
       Broad axe         |       |       |       |       |       |       |   343 ||   343
Invok: Berserk           |       |     2 |     7 |     7 |    11 |    12 |     3 ||    42
       Trog's Hand       |       |       |     1 |       |       |     2 |     2 ||     5
Evoke: Wand              |       |       |       |     2 |       |       |       ||     2
  Use: Scroll            |       |       |     9 |    10 |    10 |     9 |       ||    38
       Potion            |       |       |       |     2 |       |     6 |     2 ||    10
 Stab: Distracted        |       |       |       |       |     1 |       |     2 ||     3
       Invisible         |       |       |       |       |       |       |     8 ||     8
  Eat: Chunk             |     3 |     7 |    13 |    18 |    36 |    21 |     6 ||   104
       Ration            |       |       |     1 |     4 |     2 |     8 |     1 ||    16
Armor: Animal skin       |     3 |       |       |       |       |       |       ||     3
       Ring mail         |    21 |    31 |    59 |       |       |       |       ||   111
       Chain mail        |       |       |     9 |   228 |   451 |   843 |    91 ||  1622
Dodge: Dodged            |    39 |    45 |   144 |   260 |   488 |   880 |   107 ||  1963
       Deflected         |       |       |       |       |    16 |    18 |     7 ||    41
Block: Other             |       |       |       |    54 |    57 |       |       ||   111
       Reflection        |       |       |       |     3 |       |       |       ||     3
       Large shield      |       |       |       |       |       |       |   247 ||   247
